 Dungeon Crawl Stone Soup version 0.29-a0-330-g52719c12eb (webtiles) character file.

Game seed: 5183532641114867323

23 night the Sneak (level 2, -4/22 HPs)
             Began as a Demonspawn Wanderer on May 19, 2022.
             Was a Plaything of Xom.
             Slain by Crazy Yiuf
             ... wielding a +2 quarterstaff of chaos
              (12 damage)
             ... on level 2 of the Dungeon on May 20, 2022.
             The game lasted 00:03:12 (1529 turns).

night the Sneak (Demonspawn Wanderer)               Turns: 1529, Time: 00:03:12

Health: -4/22      AC:  3    Str: 12    XL:     2   Next: 75%
Magic:  0/4        EV: 11    Int: 13    God:    Xom [..*...]
Gold:   73         SH:  0    Dex: 12    Spells: 3/4 levels left

rFire   . . .      SeeInvis .   b - +0 hunting sling
rCold   . . .      Faith    .   (no shield)
rNeg    . . .      Spirit   .   c - +0 robe
rPois   .          Reflect  .   (no helmet)
rElec   .          Harm     .   (no cloak)
rCorr   .          Rampage  .   r - +0 pair of gloves
Will    .....                   (no boots)
Stlth   ++........              (no amulet)
HPRegen 0.07/turn               (no ring)
MPRegen 0.09/turn               (no ring)

@: very slightly contaminated
A: demonic magic 1
a: Renounce Religion


You were on level 2 of the Dungeon.
You worshipped Xom.
You were a toy of Xom.
You visited 1 branch of the dungeon, and saw 2 of its levels.

You collected 73 gold pieces.

Inventory:

Hand Weapons
 a - a +0 club
 b - a +0 hunting sling (weapon)
Missiles
 l - 19 stones
Armour
 c - a +0 robe (worn)
 d - a +0 pair of gloves
 r - a +0 pair of gloves (worn)
Scrolls
 f - a scroll of summoning
 g - 5 scrolls of teleportation {unknown}
 h - 2 scrolls of fog {unknown}
 j - a scroll of fear {unknown}
 k - a scroll of silence {unknown}
 m - 2 scrolls of blinking {unknown}
 n - 3 scrolls of vulnerability {unknown}
 p - a scroll of identify {unknown}
 q - a scroll of enchant armour {unknown}
 u - a scroll of enchant weapon {unknown}
Potions
 e - a potion of cancellation {unknown}
 i - a potion of ambrosia {unknown}
 o - a potion of lignification {unknown}
 s - a potion of heal wounds {unknown}
 t - a potion of curing {unknown}


   Skills:
 + Level 1.7 Fighting
 - Level 3.6 Stealth
 + Level 1.6 Spellcasting
 - Level 2.6 Translocations
 + Level 1.6 Fire Magic


You had 3 spell levels left.
You knew the following spells:

 Your Spells              Type           Power      Damage    Failure   Level
a - Foxfire               Conj/Fire      12%        2x1d4     19%         1

Your spell library contained the following spells:

 Spells                   Type           Power      Damage    Failure   Level
 Apportation              Tloc           16%        N/A       9%          1
 Teleport Other           Tloc           8%         N/A       26%         3
 Ignite Poison            Fire/Tmut/Pois 2%         N/A       54%         3
 Passage of Golubria      Tloc           8%         N/A       65%         4


Dungeon Overview and Level Annotations

Branches:
Dungeon (2/15)

Altars:
Xom
Yredelemnul

Annotations:
D:2 Crazy Yiuf


Innate Abilities, Weirdness & Mutations

Spells you cast may paralyse adjacent enemies.


Message History

Confirm with . or Enter, or press ? or * to list all spells.
You conjure some foxfire!
Malevolent energies surge around you.
Crazy Yiuf suddenly stops moving!
Unknown command.
The foxfire hits Crazy Yiuf.
Crazy Yiuf is lightly wounded.
The foxfire hits Crazy Yiuf.
Crazy Yiuf is lightly wounded.
Crazy Yiuf is no longer paralysed.
Casting: Foxfire (safe; 19% risk of failure)
Confirm with . or Enter, or press ? or * to list all spells.
You conjure some foxfire!
Malevolent energies surge around you.
The foxfire hits Crazy Yiuf.
Crazy Yiuf is moderately wounded.
Unknown command.
The foxfire hits Crazy Yiuf.
Crazy Yiuf is moderately wounded.
Casting: Foxfire (safe; 19% risk of failure)
Confirm with . or Enter, or press ? or * to list all spells.
You miscast Foxfire.
You are very lightly contaminated with residual magic.
Nothing appears to happen. "Go forth and destroy!"
You feel much better. Crazy Yiuf attacks as you move away!
Crazy Yiuf barely misses you. Crazy Yiuf attacks as you move away!
Crazy Yiuf hits you with a +2 quarterstaff of chaos!
Ouch! That really hurt!
You feel your power leaking away.
Casting: Foxfire (safe; 19% risk of failure)
Confirm with . or Enter, or press ? or * to list all spells.
You don't have enough magic to cast this spell.
Crazy Yiuf screams, "Flower sallow tea!"
Casting: Foxfire (safe; 19% risk of failure)
Confirm with . or Enter, or press ? or * to list all spells.
You conjure some foxfire!
Malevolent energies surge around you.
Crazy Yiuf hits you with a +2 quarterstaff of chaos!
Ouch! That really hurt!
You die...
Xom chuckles heartily!

#.............#
...###....#..##
###.≈...≈≈≈≈.#
######♣♣♣♣♣
##..≈......≈.#
#...#...♣.♣♣♣
....≈.>#≈≈≈≈##
#........♣..♣#.
####≈#.####.#####
#.......♣♣♣♣.'. #
#≈#...###....###.#.#..♣♣
♣♣#. ####≈#..##
##..v......##♣♣
>..###.## ###.@g....#
.......# ≈##.#v#####
.......## ##≈##.#.#
#########
####....###≈≈##.#.#
#.......#
###....###≈≈≈##.#.#
##.#...##
≈≈..≈.≈.#≈≈≈≈#....#
#.#..##
≈≈≈≈≈.≈≈≈≈≈≈≈#....#
#.#..#
≈≈≈.≈.≈.≈≈≈≈≈#...##
#.#..#
≈≈.≈≈≈≈≈≈≈≈≈≈##.##
#.#.<#


You could see Crazy Yiuf (ally target).

Vanquished Creatures
  An adder (D:2)
  A dart slug (D:1)
  A bat (D:1)
  2 endoplasms
  2 giant cockroaches
  A quokka (D:1)
  A ball python (D:1)
  A frilled lizard (D:2)
  2 goblins
12 creatures vanquished.

Vanquished Creatures (others)
  8 foxfires (D:2)
8 creatures vanquished.

Grand Total: 20 creatures vanquished

Notes
Turn   | Place    | Note
-------+----------+-------------------------------------------
     0 | D:1      | night the Demonspawn Wanderer began the quest for the Orb.
     0 | D:1      | night set off with the following items: a +0 club, a scroll
                  | of summoning, a +0 robe, a +0 pair of gloves; and the
                  | following spells available to memorise: Apportation,
                  | Foxfire, Teleport Other, Ignite Poison, Passage of Golubria
     0 | D:1      | Reached XP level 1. HP: 15/15 MP: 2/2
     6 | D:1      | Learned a level 1 spell: Foxfire
   469 | D:1      | Gained mutation: Spells you cast may paralyse adjacent
                  | enemies. [demonic ancestry]
   469 | D:1      | Reached XP level 2. HP: 21/21 MP: 3/3
   808 | D:2      | Found a faded altar of an unknown god.
   817 | D:2      | Prayed at the altar of an unknown god.
   817 | D:2      | Became a worshipper of Xom of Chaos
   867 | D:2      | XOM: silly message
  1229 | D:2      | Found a basalt altar of Yredelemnul.
  1232 | D:2      | XOM: divination: detect creatures
  1379 | D:2      | XOM: silly message
  1507 | D:2      | Found a runed translucent door.
  1508 | D:2      | Noticed Crazy Yiuf
  1524 | D:2      | XOM: potion effect (heal wounds)
  1529 | D:2      | Slain by Crazy Yiuf

Illustrated notes

Levels and vault maps discovered:
D:1:      dpeg_arrival_central, layout_basic
D:2:      layout_loops_ring, serial_rivers, chequers_serial_rivers_micro_d,
          chequers_serial_rivers_micro_a, chequers_serial_rivers_large_a,
          chequers_serial_rivers_micro_b, chequers_serial_rivers_marsh,
          basic_ecumenical_altar, basic_altar, uniq_crazy_yiuf_cottage

Action                   || total
-------------------------++-------
 Fire: Hunting sling     ||    30
 Cast: Foxfire           ||     6
Armor: Robe              ||     4
Dodge: Dodged            ||     4

Table legend: (Time is in decaauts)
 A = Elapsed time spent in this place.
 B = Non-inter-level travel time spent in this place.
 C = Inter-level travel time spent in this place.
 D = Time resting spent in this place.
 E = Time spent auto-exploring this place.
 F = Levels seen in this place.
 G = Mean time per level.
                   A        B        C        D        E       F      G
               +--------+--------+--------+--------+--------+-----+--------+
         Total |   1551 |   1529 |     22 |      0 |   1372 |   2 |  775.5 |
       Dungeon |   1551 |   1529 |     22 |      0 |   1372 |   2 |  775.5 |
               +--------+--------+--------+--------+--------+-----+--------+

Top non-repeatable levels by time:
     D:1: 814 daAuts
     D:2: 736 daAuts
